 Dungeon Crawl Stone Soup version 0.30.0-19-g36f170ea60 (webtiles) character file.

Game seed: 4124905747590584406

910 Xororoh the Chopper (level 8, -7/83 HPs)
             Began as an Ogre Fighter on May 29, 2023.
             Mangled by a gnoll sergeant
             ... wielding a +5 spear of electrocution
              (16 damage)
             ... on level 5 of the Dungeon.
             The game lasted 00:29:30 (5669 turns).

Xororoh the Chopper (Ogre Fighter)                  Turns: 5669, Time: 00:29:30

Health: -7/83      AC:  3    Str: 23    XL:     8   Next: 8%
Magic:  8/8        EV: 10    Int:  9    God:
Gold:   359        SH:  9    Dex: 14    Spells: 7/7 levels left

rFire   . . .        a - +0 war axe
rCold   . . .        c - +0 kite shield
rNeg    . . .        b - +0 robe
rPois   .            (helmet restricted)
rElec   .            (no cloak)
rCorr   .            (gloves unavailable)
SInv    .            (boots unavailable)
Will    .....        o - amulet of regeneration
Stlth   ++           z - +6 ring of dexterity
HPRegen 1.13/turn    (no ring)
MPRegen 0.11/turn

%: no passive effects
@: hasted, very quick
A: large, unfitting armour, tough skin 1
a: no special abilities


You were on level 5 of the Dungeon.
You visited 1 branch of the dungeon, and saw 5 of its levels.

You collected 359 gold pieces.

Inventory:

Hand Weapons
 a - a +0 war axe (weapon)
 y - a +1 dagger of protection
Missiles
 u - 57 stones (quivered)
Armour
 b - a +0 robe (worn)
 c - a +0 kite shield (worn)
 r - a +0 helmet
Jewellery
 o - an amulet of regeneration (around neck)
 z - a +6 ring of dexterity (left hand)
 B - a ring of magical power
Scrolls
 k - 2 scrolls of teleportation
 n - 3 scrolls of fear
 p - a scroll of enchant weapon
 s - a scroll of acquirement {unknown}
 t - a scroll of brand weapon {unknown}
 w - 2 scrolls of magic mapping {unknown}
 x - a scroll of vulnerability {unknown}
 A - a scroll of immolation {unknown}
 C - a scroll of amnesia {unknown}
 E - 3 scrolls of poison {unknown}
Potions
 d - 5 potions of might
 e - a potion of curing
 f - a potion of invisibility {unknown}
 g - 4 potions of brilliance
 h - a potion of haste
 i - 3 potions of flight {unknown}
 j - a potion of lignification {unknown}
 l - 2 potions of mutation
 m - a potion of degeneration {unknown}
 v - a potion of ambrosia {unknown}
 D - a potion of attraction {unknown}


   Skills:
 + Level 6.0 Fighting
 + Level 6.6 Axes
 + Level 4.2 Dodging
 + Level 1.3 Stealth
 + Level 4.3 Shields


You had 7 spell levels left.
You didn't know any spells.
Your spell library contained the following spells:

 Spells                   Type           Power      Damage    Failure   Level
 Beastly Appendage        Tmut           0%         N/A       65%         1
 Kiss of Death            Conj/Necr      0%         2d5       65%         1
 Sublimation of Blood     Necr           0%         N/A       78%         2
 Wereblood                Tmut           0%         N/A       78%         2
 Confusing Touch          Hex            0%         N/A       95%         3
 Frozen Ramparts          Ice            0%         1d1       95%         3
 Ignite Poison            Fire/Tmut/Pois 0%         N/A       95%         3
 Spider Form              Tmut/Pois      0%         N/A       95%         3
 Dispel Undead            Necr           0%         3d6       100%        4
 Ice Form                 Ice/Tmut       0%         N/A       100%        4
 Sticky Flame             Conj/Fire      0%         2d3       100%        4
 Summon Ice Beast         Ice/Summ       0%         N/A       100%        4
 Summon Forest            Summ/Tloc      0%         N/A       100%        5
 Summon Mana Viper        Hex/Summ       0%         N/A       100%        5
 Summon Cactus Giant      Summ           0%         N/A       100%        6
 Summon Hydra             Summ           0%         N/A       100%        7
 Ignition                 Fire           0%         3d3       100%        8


Dungeon Overview and Level Annotations

Branches:
Dungeon (5/15)
 Temple: D:4-7

Altars:

Shops:
D:5 =

Annotations:
D:5 1 transporter, DemonSlayer's ghost, amateur DsEE


Innate Abilities, Weirdness & Mutations

You are too large for most types of armour.
You have tough skin. (AC +1)


Message History

You feel sick. The gnoll closely misses you. The gnoll barely misses you.
The gnoll hits you with a +0 flail!
You closely miss the gnoll. You barely miss the gnoll.
You feel sick. You block the gnoll's attack.
The gnoll hits you with a +0 flail. The gnoll barely misses you.
The gnoll sergeant hits you from afar with a +2 heavy trident!
You block the gnoll's attack. x2
You feel better. You block the gnoll sergeant's attack.
The gnoll sergeant hits you from afar with a +5 spear of electrocution!
The gnoll hits you with a +0 spear. You block the gnoll's attack.
Blink to where?
Press: ? - help, Q - select action, (/) - cycle Dir - move target
As you read the scroll of blinking, it crumbles to dust.
As you read the scroll of teleportation, it crumbles to dust.
You feel strangely unstable.
The gnoll sergeant hits you from afar with a +5 spear of electrocution!
* * * LOW HITPOINT WARNING * * *
You are electrocuted!
* * * LOW HITPOINT WARNING * * *
The gnoll zaps a wand.
The puff of flame misses you.
As you read the scroll of teleportation, it crumbles to dust.
You feel strangely stable. You block the gnoll sergeant's attack.
The gnoll barely misses you. The gnoll attacks as you move away!
You block the gnoll's attack.
DemonSlayer's ghost whispers, "Soon you will have time, lots of time..."
You feel yourself speed up. You block the gnoll sergeant's attack.
You are too injured to fight recklessly!
You slash the gnoll!
The gnoll is severely wounded.
You hit the gnoll sergeant but do no damage.
You hit the gnoll.
You kill the gnoll!
You closely miss the gnoll sergeant. The gnoll sergeant misses you.
You block the gnoll sergeant's attack.
You hit the gnoll sergeant but do no damage.
The gnoll sergeant barely misses you.
The gnoll sergeant hits you from afar with a +5 spear of electrocution!
* * * LOW HITPOINT WARNING * * *
You are electrocuted!
You die...

≈#...#.###.©.###.#...#≈≈....##
≈#...###g#####.###...#≈≈.....##
≈###...g...........###≈≈......##
≈.8#.######'###'##.#8.≈≈.......##
≈.##.#.. #8..#...#.##.≈≈.......+.
~.#..'..:#⌠©g.g..'gW#.~~.......##
≈.##.#...#8.)#gg.#.##.≈≈......##
≈.8#.######'###'##g#8.≈≈.....##
≈###...........g@..###≈≈....##
≈#...###.#####.###...#≈≈.#'##
≈#...#.###.©.###.#...#≈≈.#.#
≈#####...........#####≈≈.#.#
≈≈≈≈≈≈≈≈≈≈≈~≈≈≈≈≈≈≈≈≈≈≈≈.#.######
≈≈≈≈≈≈≈≈≈≈≈~≈≈≈≈≈≈≈≈≈≈≈≈.........
.............................####
###.######†###...##.#####....#
#........# #.........###.#.#


You could see 3 gnoll sergeants and 3 gnolls.

Vanquished Creatures
  A black bear (D:5)
  An ogre (D:5)
  A kobold brigand (D:5)
  A scorpion (D:4)
  A gnoll bouda (D:5)
  3 jellies (D:5)
  An iguana (D:5)
  4 hounds (D:5)
  2 sleepcaps
  6 gnolls
  9 adders
  3 worms
  A dart slug (D:5)
  6 orcs
  5 bats
  3 endoplasms
  A giant cockroach (D:1)
  27 hobgoblins
  6 jackals (D:1)
  12 kobolds
  5 ball pythons
  2 frilled lizards
  36 goblins
  3 rats
140 creatures vanquished.

Notes
Turn   | Place    | Note
-------+----------+-------------------------------------------
     0 | D:1      | Xororoh the Ogre Fighter began the quest for the Orb.
     0 | D:1      | Reached XP level 1. HP: 24/24 MP: 1/1
   154 | D:1      | Reached XP level 2. HP: 30/32 MP: 2/2
   786 | D:2      | Reached XP level 3. HP: 35/40 MP: 3/3
  2367 | D:3      | Reached XP level 4. HP: 44/49 MP: 4/4
  2767 | D:2      | Reached XP level 5. HP: 45/55 MP: 5/5
  3393 | D:4      | Reached skill level 5 in Fighting
  3393 | D:4      | Reached XP level 6. HP: 61/66 MP: 6/6
  4605 | D:5      | Entered Level 5 of the Dungeon
  4686 | D:5      | Reached skill level 5 in Axes
  4741 | D:5      | Reached XP level 7. HP: 72/72 MP: 7/7
  4786 | D:5      | Noticed DemonSlayer's ghost (amateur DsEE)
  4962 | D:5      | Reached skill level 1 in Stealth
  5134 | D:5      | Found a transporter.
  5135 | D:5      | Found a transporter.
  5346 | D:5      | Found Boruammu's Jewellery Shoppe.
  5534 | D:5      | Reached XP level 8. HP: 38/83 MP: 8/8
  5669 | D:5      | Mangled by a gnoll sergeant

Illustrated notes

Levels and vault maps discovered:
D:1:      mushboom_english_gardens, layout_basic
D:2:      layout_basic
D:3:      minmay_goblin_kobold_castle, layout_basic
D:4:      layout_layer_cave
D:5:      layout_loops_corners, gammafunk_ghost_gnarly_gnolls, serial_shops,
          nicolae_shop_advertising_works [nicolae_subvault_shop_adworks],
          chequers_serial_rivers_room_b

Skill      XL: |  1  2  3  4  5  6  7 |
---------------+----------------------+-----
Dodging        | 3 4 |  4.2
Axes           | 3 4 5 6 |  6.6
Fighting       | 5 6 |  6.0
Shields        | 4 |  4.3
Stealth        | 1 |  1.3

Action                     |  1- 3 |  4- 6 |  7- 9 || total
---------------------------+-------+-------+-------++-------
  Melee: War axe           |   127 |   244 |    77 ||   448
    Use: Scroll            |       |     5 |     4 ||     9
         Potion            |       |     2 |     2 ||     4
   Stab: Sleeping          |       |       |     2 ||     2
 Armour: Robe              |    55 |    67 |    15 ||   137
  Dodge: Dodged            |    74 |   129 |    39 ||   242
  Block: Kite shield       |    80 |   133 |    40 ||   253
